Map: Acid Plant LE

Players

Has

  • Race: Protoss Protoss
  • Spawn Location: 11:00

Dark - Winner!

  • Race: Zerg Zerg
  • Spawn Location: 5:00

Event: 2018 WCS Global Finals

VOD

Have the link to the VOD?

Description

Time

  • Played on: Oct. 28, 2018, 1:36 p.m.
  • Length: 8:47

All games in this series

Show
View Real Time Build Order
Export as new Build Order

Has Protoss 

Build Orders: 1 Gate Expand, Oracle Opening 

Get SALT Encoding   

  12  0:00  Probe  
  13  0:12  Probe  
  14  0:20  Pylon  
  14  0:24  Probe  
  14  0:27  Assimilator  
  15  0:34  Probe  
  15  0:42  Probe  
  16  0:44  Gateway  
  17  0:51  Probe  
  18  0:59  Probe  
  19  1:08  Probe  
  20  1:25  Nexus  
  20  1:35  Cybernetics Core  
  20  1:38  Probe  
  21  1:43  Assimilator  
  21  1:50  Probe  
  21  1:54  Pylon  
  22  2:02  Probe  
  22  2:03  Adept  
  23  2:12  Warp Gate  
  25  2:17  Stargate  
  25  2:18  Probe  
  26  2:23  Adept  
  26  2:30  Probe  
  29  2:38  Probe  
  29  2:43  Probe  
  31  2:46  Adept  
  31  2:50  Probe  
  34  2:51  Oracle  
  34  2:55  Probe  
  35  3:02  Probe  
  39  3:07  Probe  
  39  3:10  Pylon  
  40  3:14  Probe  
  40  3:17  Gateway  
  40  3:19  Probe  
  42  3:23  Void Ray  
  42  3:26  Probe  
  47  3:34  Probe  
  47  3:40  Probe  
  49  3:48  Probe  
  50  3:49  Twilight Council  
  50  3:52  Probe  
  50  3:54  Pylon  
  51  4:00  Probe  
  52  4:05  Probe  
  52  4:06  Resonating Glaives  
  53  4:12  Probe  
  55  4:18  Nexus  
  55  4:20  Pylon  
  56  4:31  Pylon  
  54  4:32  Probe x2  
  54  4:35  Assimilator x2, Adept x2  
  60  4:42  Pylon  
  61  4:49  Probe x2  
  62  4:56  Pylon  
  62  5:01  Probe  
  62  5:03  Adept  
  62  5:04  Adept  
  62  5:06  Pylon  
  67  5:10  Probe  
  67  5:13  Probe  
  69  5:22  Probe  
  69  5:25  Adept x2, Probe  
  75  5:29  Robotics Facility  
  75  5:31  Robotics Facility  
  75  5:32  Probe  
  75  5:33  Void Ray  
  75  5:34  Probe  
  81  5:37  Probe  
  81  5:41  Shield Battery  
  82  5:44  Probe  
  82  5:46  Probe  
  83  5:50  Probe  
  83  5:56  Probe  
  76  5:58  Probe  
  76  5:59  Sentry x2, Gateway  
  76  6:00  Shield Battery  
  76  6:02  Gateway  
  81  6:05  Shield Battery  
  81  6:06  Pylon  
  81  6:07  Probe  
  81  6:10  Shield Battery  
  82  6:12  Pylon  
  82  6:14  Immortal  
  82  6:17  Immortal  
  84  6:19  Probe  
  84  6:20  Assimilator  
  84  6:24  Assimilator  
  91  6:34  Probe  
  91  6:38  Gateway  
  91  6:39  Sentry  
  94  6:40  Sentry, Gateway  
  94  6:43  Immortal, Gateway  
  94  6:44  Gateway  
  94  6:46  Warp Prism  
  100  6:58  Pylon  
  100  7:00  Pylon  
  102  7:04  Sentry  
  102  7:05  Sentry  
  106  7:08  Adept  
  106  7:09  Adept  
  106  7:12  Pylon  
  106  7:13  Pylon  
  110  7:18  Probe x2  
  109  7:29  Stalker x2  
  110  7:37  Adept x2  
  110  7:40  Probe x2  
  115  7:50  Adept  
  115  7:51  Adept x3  
  119  7:53  Sentry x2  
  119  7:57  Probe  
  123  8:04  Probe x2  
  125  8:10  Probe  
  124  8:16  Probe  
  119  8:21  Stalker  
  119  8:22  Stalker x3  
  119  8:23  Probe  
  119  8:27  Probe  
  115  8:29  Probe  
Show
View Real Time Build Order
Export as new Build Order

Dark Zerg - Winner!

Build Orders: Hatch First 

Get SALT Encoding   

  12  0:00  Drone  
  13  0:12  Overlord  
  13  0:17  Drone  
  14  0:31  Drone x2  
  14  0:35  Drone  
  17  0:51  Hatchery  
  17  0:56  Drone  
  17  1:00  Drone  
  18  1:10  Extractor  
  17  1:15  Spawning Pool  
  17  1:17  Drone  
  17  1:20  Drone  
  18  1:28  Drone  
  19  1:39  Drone  
  20  1:49  Hatchery  
  20  1:52  Drone  
  20  2:02  Queen  
  20  2:05  Drone  
  20  2:08  Drone  
  24  2:13  Drone  
  25  2:19  Queen  
  27  2:25  Overlord  
  27  2:31  Zergling x2  
  28  2:38  Pneumatized Carapace  
  28  2:44  Zergling x2  
  29  2:45  Drone x3  
  29  2:46  Drone  
  33  2:55  Queen  
  35  2:58  Zergling x2  
  35  3:02  Overlord  
  35  3:03  Zergling x2  
  35  3:05  Zergling x2  
  38  3:09  Queen  
  38  3:11  Drone  
  41  3:15  Drone  
  42  3:20  Drone x2  
  42  3:21  Drone  
  42  3:22  Drone  
  42  3:23  Drone  
  42  3:26  Drone  
  48  3:29  Drone  
  48  3:31  Drone  
  50  3:40  Overlord  
  50  3:43  Overlord  
  50  3:49  Overlord  
  50  3:54  Roach Warren  
  47  3:56  Drone x3  
  47  3:58  Queen  
  47  3:59  Drone x2  
  52  4:05  Spore Crawler  
  52  4:06  Drone x2  
  52  4:09  Drone x4  
  57  4:19  Spore Crawler  
  56  4:26  Drone x4  
  56  4:28  Extractor, Lair  
  56  4:30  Drone  
  60  4:31  Evolution Chamber  
  60  4:35  Overlord  
  59  4:43  Roach x3  
  65  4:46  Extractor, Overlord x2  
  65  4:47  Drone, Extractor  
  65  4:49  Overlord  
  64  4:54  Drone x2  
  64  4:55  Roach  
  64  4:57  Roach  
  64  4:58  Drone  
  71  5:08  Drone x2  
  71  5:09  Drone  
  71  5:11  Overlord  
  71  5:14  Drone x2  
  76  5:15  Roach  
  76  5:16  Roach x2  
  76  5:20  Roach  
  76  5:21  Roach  
  86  5:22  Zergling x2  
  86  5:23  Zergling x2  
  86  5:28  Glial Reconstitution  
  88  5:31  Zerg Missile Weapons Level 1  
  88  5:36  Drone x4  
  92  5:44  Drone  
  92  5:45  Drone  
  92  5:46  Drone  
  92  5:47  Drone x2  
  92  5:48  Drone  
  92  5:49  Drone x2  
  96  5:50  Drone  
  96  5:53  Drone x2  
  96  5:54  Drone, Overlord  
  96  5:55  Overlord  
  95  6:01  Spire  
  95  6:03  Extractor x2  
  92  6:09  Roach x2  
  92  6:10  Overlord x2  
  96  6:15  Roach x3  
  102  6:20  Metabolic Boost  
  102  6:27  Overlord  
  102  6:30  Overlord  
  102  6:31  Hatchery  
  101  6:37  Roach x4  
  109  6:54  Overlord  
  109  6:55  Drone  
  109  6:56  Overlord  
  109  6:58  Zergling x2  
  111  7:02  Overlord  
  111  7:03  Zergling x10  
  116  7:14  Mutalisk x7  
  128  7:25  Roach x6  
  136  7:30  Roach  
  136  7:36  Roach x3  
  146  7:44  Roach x4  
  152  7:51  Roach x3  
  152  7:52  Roach x2  
  152  7:53  Ravager x3  
  152  7:54  Overlord x2  
  161  8:00  Ravager  
  161  8:02  Overlord  
  160  8:09  Ravager x2  
  160  8:10  Zergling x16  
  151  8:23  Roach x6  
  147  8:30  Zergling x2  
Tags
 
Add a new tag
Caveats
  • Supply blocks, unpowered buildings, or Contaminate may cause inaccurate times.
  • Supply counts are checked every 10 seconds.